 Dungeon Crawl Stone Soup version 0.18.1-48-g4cf74bf (webtiles) character file.

87838 GameOver the Unseen (level 15, -3/108 HPs)
             Began as a Naga Conjurer on Sept 9, 2016.
             Was a High Priest of Okawaru.
             Shot with a bolt by a naga sharpshooter (5 damage)
             ... on level 1 of the Snake Pit.
             The game lasted 04:22:46 (26704 turns).

GameOver the Unseen (Naga Conjurer)                Turns: 26704, Time: 04:22:47

Health: -3/108     AC: 17    Str: 10    XL:     15   Next: 91%
Magic:  6/28       EV: 10    Int: 20    God:    Okawaru [*****.]
Gold:   1704       SH:  0    Dex: 19    Spells: 5 memorised, 14 levels left

rFire  + . .     SeeInvis +     e - +5 war axe (flame)
rCold  . . .     Gourm    .     N - +0 troll leather armour
rNeg   . . .     Faith    .     (no shield)
rPois  +         Spirit   .     I - +0 helmet
rElec  .         Dismiss  .     p - +1 cloak of Efueh {Dex+5}
rCorr  .         Reflect  .     (no gloves)
SustAt +         Harm     .     Q - +0 naga barding {Stlth+}
MR     +....                    (no amulet)
Stlth  ++++++++..               c - ring of sustain attributes
                                f - ring of protection from fire

@: very slow, somewhat resistant to hostile enchantments, extraordinarily
stealthy
A: see invisible, deformed body, poison resistance, slowness 2, slow metabolism
1, spit poison 2, constrict 1, AC +5
a: Spit Poison, Heroism, Finesse, Renounce Religion


You were on level 1 of the Snake Pit.
You worshipped Okawaru.
Okawaru was extremely pleased with you.
You were not hungry.

You visited 5 branches of the dungeon, and saw 23 of its levels.
You also visited: Ossuary and Ice Cave.

You collected 2352 gold pieces.
You spent 648 gold pieces at shops.

Inventory:

Hand Weapons
 e - a +5 war axe of flaming (weapon)
 w - a +0 dagger of holy wrath
 x - the +5 demon whip "Spellbinder" {antimagic, MR+}
   (You found it on level 8 of the Lair of Beasts)

   It disrupts the flow of magical energy around spellcasters and certain
   magical creatures (including the wielder).
   It affects your resistance to hostile enchantments.
 B - a +4 battleaxe
 C - a +3 broad axe of chopping
Missiles
 z - 3 javelins of penetration
 P - a throwing net (quivered)
Armour
 p - the +1 cloak of Efueh (worn) {Dex+5}
   (Okawaru gifted it to you on level 4 of the Lair of Beasts)

   It affects your dexterity (+5).
 I - a +0 helmet (worn)
 N - a +0 troll leather armour (worn)
 Q - a +0 naga barding of stealth (worn)
Magical Staves
 A - an uncursed staff of cold
Jewellery
 c - a ring of sustain attributes (right hand)
 f - a ring of protection from fire (left hand)
 t - an uncursed ring of resist corrosion
 v - a +4 ring of protection {unknown}
 y - an uncursed amulet of dismissal
Wands
 b - a wand of paralysis (6/24)
 m - a wand of iceblast (7/15)
 o - a wand of heal wounds (2/9)
 L - a wand of flame (16/48)
 M - a wand of teleportation (4/9)
Scrolls
 g - 7 scrolls of remove curse
 j - 5 scrolls of magic mapping
 l - a scroll of enchant weapon
 s - 2 scrolls of summoning
 E - a scroll of blinking
 K - a scroll of fear
Potions
 h - 2 potions of ambrosia
 i - 4 potions of curing
 r - a potion of mutation
 u - a potion of resistance
 J - 2 potions of haste
 S - 3 potions of cancellation
 U - 4 potions of flight
Books
 q - a book of Power

   Spells                             Type                      Level
   a - Fulminant Prism                Conjuration/Hexes            4
   b - Iskenderun's Mystic Blast      Conjuration                  4
   c - Venom Bolt                     Conjuration/Poison           5
   d - Bolt of Magma                  Conjuration/Fire/Earth       5
   e - Iron Shot                      Conjuration/Earth            6
   f - Orb of Destruction             Conjuration                  7
   g - Spellforged Servitor           Conjuration/Summoning        7
Comestibles
 k - a bread ration
 n - a meat ration


   Skills:
 - Level 12.2 Axes
 - Level 8.2 Armour
 - Level 5.0 Dodging
 - Level 16.3 Stealth
 + Level 9.2 Spellcasting
 + Level 13.0 Conjurations
 - Level 5.3 Hexes
 - Level 9.0 Charms
 - Level 7.0 Invocations


You had 14 spell levels left.
You knew the following spells:

 Your Spells              Type           Power        Failure   Level  Hunger
a - Magic Dart            Conj           ####         1%          1    None
b - Orb of Destruction    Conj           ######....   43%         7    #######
d - Dazzling Spray        Conj/Hex       #####.       1%          3    None
q - Iskenderun's Battles  Conj/Chrm      ######..     3%          5    #####..
s - Searing Ray           Conj           ######       1%          2    None


Dungeon Overview and Level Annotations

Branches:
Dungeon (11/15)            Temple (1/1) D:5            Lair (8/8) D:10
 Shoals (0/4) Lair:6        Snake (1/4) Lair:6        Slime (0/6) Lair:6
    Orc (2/2) D:10            Elf (0/3) Orc:2

Altars:
Ashenzari
Cheibriados
Dithmenos
Elyvilon
Fedhas
Gozag
Kikubaaqudgha
Makhleb
Nemelex Xobeh
Okawaru
Pakellas
Qazlal
Ru
Sif Muna
Trog
Vehumet
Xom
Yredelemnul
Zin
The Shining One
Jiyva

Shops:
D:4 *   D:5 !   D:7 %*(?[   Orc:2 !%:[*

Annotations:
D:5 Nukog's ghost, novice OgHu
Snake:1 Nukog's ghost, journeyman OgWn


Innate Abilities, Weirdness & Mutations

You cannot wear boots.
Your serpentine skin is tough (AC +5).
You have supernaturally acute eyesight.
Armour fits poorly on your strangely shaped body.
Your system is resistant to poisons.
You cover ground very slowly.
You have a slow metabolism.
You can spit poison.
You can use your snake-like lower body to constrict enemies.


Message History

Press: ? - help, Shift-Dir - straight line, f/p - naga sharpshooter
Aim: a naga sharpshooter, wielding an arbalest (heavily wounded, catching its breath, chance to defeat MR: 6%)
Okay, then.
Drink which item? (? for menu, Esc to quit)
Okay, then.
Casting: Dazzling Spray
Confirm with . or Enter, or press ? or * to list all spells.
You conjure a globe of magical energy.
The naga sharpshooter shoots a bolt.
The bolt hits you!!
* * * LOW HITPOINT WARNING * * *
The naga sharpshooter casts a spell.
The naga sharpshooter magically shoots a bolt.
The bolt hits you!!
* * * LOW HITPOINT WARNING * * *
The naga sharpshooter unwields an uncursed glaive.
The naga sharpshooter wields an arbalest.
The naga sharpshooter gestures wildly while chanting.
The naga sharpshooter magically shoots a bolt.
The bolt hits you.
You die...

######## ##......##
##........##
#..........################
#...........*......().....# ###
#...........#.@((.###.###.###..
#...........#.##### #..........
#...........#N# #..........
##.....###'##N### #####N###..
#.######....N..## ###§###). #.#
#.........######§§...... #.#
#............§§§§#.###..
#.#####...N.N.NN######§#.# #..
#....##.......(## #§.§# #..


You could see 4 naga sharpshooters, a naga and a friendly battlesphere.

Vanquished Creatures
  A frost giant (IceCv)
  Josephine (Lair:5)
  2 naga warriors (Snake:1)
  4 hydras
  A centaur warrior (D:10)
  A catoblepas (Lair:3)
  2 anacondas (Snake:1)
  A queen ant (Lair:5)
  9 death yaks
  2 ogre magi
  3 shock serpents (Snake:1)
  3 naga sharpshooters (Snake:1)
  A fire crab (Lair:8)
  2 salamander mystics
  2 deep trolls (Orc:1)
  3 hill giants
  A lindwurm (Lair:6)
  3 mana vipers (Snake:1)
  3 griffons
  An orc sorcerer (Orc:2)
  3 cyclopes (Orc:2)
  A manticore (Lair:4)
  A salamander (Snake:1)
  9 black mambas
  7 naga magi (Snake:1)
  An ice statue (IceCv)
  8 rime drakes
  25 spiny frogs
  5 komodo dragons
  A merfolk (D:10)
  10 trolls
  8 two-headed ogres
  29 blink frogs
  2 giant leeches (Lair:8)
  12 polar bears (IceCv)
  Prince Ribbit (D:6)
  2 boulder beetles
  A snapping turtle (Lair:6)
  Sigmund (D:4)
  38 yaks
  10 basilisks
  8 wyverns
  4 wraiths (Lair:5)
  2 vampire mosquitoes (Lair:8)
  17 hippogriffs
  8 nagas
  19 soldier ants (Lair:5)
  2 wargs
  17 water moccasins
  14 orc warriors
  12 porcupines
  2 black bears (D:6)
  An ice beast (D:8)
  A phantom (D:5)
  A wasp (D:8)
  26 ogres
  24 wolves
  4 centaurs
  14 crocodiles
  20 giant frogs
  A wyvern skeleton (D:10)
  2 scorpions (D:6)
  7 killer bees (D:11)
  7 electric eels
  5 howler monkeys
  6 crimson imps
  A giant frog zombie (D:11)
  7 hounds
  5 jellies
  15 orc priests
  2 giant frog skeletons
  8 iguanas
  30 worker ants
  13 orc wizards
  A hell rat (D:10)
  2 killer bee zombies
  32 sheep
  4 big kobold zombies (Ossuary)
  A mummy (Ossuary)
  4 hound skeletons
  A worker ant zombie (D:11)
  4 gnolls
  15 adders
  37 river rats
  2 shadow imps (D:6)
  12 white imps (Orc:1)
  2 oozes
  An adder skeleton (D:5)
  6 worms
  2 dart slugs (D:2)
  8 giant geckos
  52 orcs
  4 spectral bats (Ossuary)
  7 bats
  A bat zombie (D:5)
  4 giant cockroaches
  8 goblins
  6 hobgoblins
  18 jackals
  4 quokkas
  3 ball pythons
  2 bat simulacra (Ossuary)
  A giant gecko skeleton (D:6)
  11 giant newts
  8 gnoll zombies (Ossuary)
  6 goblin simulacra (Ossuary)
  5 goblin zombies (Ossuary)
  6 hobgoblin zombies (Ossuary)
  10 kobolds
  5 kobold simulacra (Ossuary)
  4 kobold zombies (Ossuary)
  3 orc zombies (Ossuary)
  A quokka skeleton (D:9)
  11 rats
  4 rat simulacra (Ossuary)
  2 rat zombies (D:5)
  3 spectral goblins (Ossuary)
  3 spectral rats (Ossuary)
  A fungus (Lair:5)
  2 plants (Lair:8)
855 creatures vanquished.

Vanquished Creatures (others)
  2 polar bears (IceCv)
  A yak (IceCv)
  A wolf (IceCv)
  14 fungi
  17 plants
35 creatures vanquished.

Grand Total: 890 creatures vanquished

Notes
Turn   | Place    | Note
--------------------------------------------------------------
     0 | D:1      | GameOver the Naga Conjurer began the quest for the Orb.
     0 | D:1      | Reached XP level 1. HP: 15/15 MP: 3/3
    77 | D:1      | Reached XP level 2. HP: 22/22 MP: 0/5
   297 | D:1      | Reached skill level 4 in Stealth
   330 | D:1      | Learned a level 2 spell: Searing Ray
   372 | D:1      | Reached XP level 3. HP: 27/28 MP: 6/6
  1123 | D:2      | Reached XP level 4. HP: 32/36 MP: 4/7
  1232 | D:2      | Reached skill level 5 in Conjurations
  1313 | D:2      | Found a snail-covered altar of Cheibriados.
  1313 | D:2      | Found a bloodstained altar of Trog.
  1456 | D:2      | Reached skill level 5 in Stealth
  1642 | D:2      | Found an opulent altar of Gozag.
  1756 | D:3      | Reached XP level 5. HP: 30/42 MP: 8/8
  1768 | D:3      | Learned a level 3 spell: Dazzling Spray
  2003 | D:3      | Found a shimmering altar of Xom.
  2011 | D:3      | Found a shimmering altar of Xom.
  2011 | D:3      | Found a shimmering altar of Xom.
  2262 | D:3      | Found a glowing golden altar of the Shining One.
  2262 | D:3      | Found a white marble altar of Elyvilon.
  2262 | D:3      | Found a glowing silver altar of Zin.
  2437 | D:3      | Reached skill level 6 in Stealth
  2678 | D:4      | Found Rewaomum's Assorted Antiques.
  2689 | D:4      | Noticed an ogre
  2697 | D:4      | HP: 2/42 [ogre/giant spiked club (27)]
  2700 | D:4      | Killed an ogre
  2700 | D:4      | Reached XP level 6. HP: 3/49 MP: 0/9
  2705 | D:4      | Noticed an orc warrior
  2844 | D:4      | Noticed Sigmund
  2862 | D:4      | Killed Sigmund
  2862 | D:4      | Reached skill level 7 in Stealth
  2862 | D:4      | Reached XP level 7. HP: 55/55 MP: 4/10
  3240 | D:4      | Got a spiked shield
  3246 | D:4      | Identified the +0 shield of Cowardice {*Corrode rPois Dex+4} (You found it on level 4 of the Dungeon)
  3407 | D:5      | Entered Level 5 of the Dungeon
  3461 | D:5      | Reached skill level 8 in Stealth
  3513 | D:5      | Found a shadowy altar of Dithmenos.
  3516 | D:5      | Found Yseriozu's Distillery.
  3519 | D:5      | Bought a potion of ambrosia for 96 gold pieces
  3519 | D:5      | Bought a potion of curing for 36 gold pieces
  3574 | D:5      | Reached skill level 1 in Hexes
  3620 | D:5      | Found a sand-covered staircase.
  3624 | Ossuary  | Entered an ossuary
  3944 | Ossuary  | Reached XP level 8. HP: 53/62 MP: 4/11
  3974 | Ossuary  | Learned a level 5 spell: Iskenderun's Battlesphere
  4307 | D:5      | Bought a potion of brilliance for 48 gold pieces
  4745 | D:4      | Found a deep blue altar of Sif Muna.
  4884 | D:4      | Reached skill level 1 in Charms
  4887 | D:4      | Reached skill level 9 in Stealth
  4994 | D:5      | Found a staircase to the Ecumenical Temple.
  5003 | Temple   | Entered the Ecumenical Temple
  5111 | Temple   | Became a worshipper of Warmaster Okawaru
  5160 | D:5      | Noticed Nukog's ghost (novice OgHu)
  5428 | D:5      | Found an ancient bone altar of Kikubaaqudgha.
  5611 | D:6      | Reached * piety under Okawaru
  5926 | D:6      | Reached skill level 10 in Stealth
  5959 | D:6      | Noticed Prince Ribbit
  5972 | D:6      | Reached XP level 9. HP: 67/68 MP: 7/12
  6164 | D:6      | Killed Prince Ribbit
  6519 | D:7      | Found a blossoming altar of Fedhas.
  6605 | D:7      | Found Obla's Magic Scroll Emporium.
  6613 | D:7      | Bought a scroll of magic mapping for 42 gold pieces
  6786 | D:7      | Found Nakoe's General Store.
  6820 | D:7      | Reached ** piety under Okawaru
  6830 | D:7      | Found Imiyrip's Weapon Shop.
  6899 | D:7      | Found Poigg's Armour Shop.
  7049 | D:7      | Found Pahohud's Food Emporium.
  7325 | D:8      | Reached skill level 5 in Charms
  7334 | D:8      | Reached skill level 11 in Stealth
  7553 | D:8      | Reached skill level 1 in Armour
  8244 | D:9      | Reached XP level 10. HP: 71/75 MP: 8/13
  8465 | D:9      | Found a burning altar of Makhleb.
  8882 | D:9      | Reached *** piety under Okawaru
  8897 | D:10     | Entered Level 10 of the Dungeon
  9175 | D:10     | Noticed a hill giant
  9386 | D:10     | HP: 3/75 [merfolk/spear (13)]
  9391 | D:10     | Reached skill level 12 in Stealth
  9619 | D:10     | Killed a hill giant
  9619 | D:10     | Received a gift from Okawaru
  9732 | D:10     | Found a staircase to the Orcish Mines.
  9763 | D:10     | Found a staircase to the Lair.
  9855 | D:10     | Reached **** piety under Okawaru
 10270 | D:10     | Noticed a centaur warrior
 10379 | D:11     | Noticed a hill giant
 10451 | D:11     | Reached skill level 10 in Conjurations
 10631 | D:10     | Killed a centaur warrior
 10631 | D:10     | Reached XP level 11. HP: 28/81 MP: 2/14
 11060 | D:11     | Reached ***** piety under Okawaru
 11607 | D:11     | Noticed a green ugly thing
 11626 | D:11     | Reached skill level 5 in Hexes
 11685 | Lair:1   | Entered Level 1 of the Lair of Beasts
 12528 | Lair:2   | Reached skill level 1 in Invocations
 12716 | Lair:2   | Reached skill level 5 in Spellcasting
 13133 | Lair:2   | Received a gift from Okawaru
 13448 | Lair:2   | Reached XP level 12. HP: 78/88 MP: 4/21
 13657 | Lair:3   | Reached skill level 1 in Axes
 13682 | Lair:3   | Reached skill level 13 in Stealth
 13734 | Lair:3   | Noticed a catoblepas
 14194 | Lair:4   | Found a shadowy altar of Dithmenos.
 14432 | Lair:4   | Noticed a six-headed hydra
 14505 | Lair:4   | Reached skill level 5 in Invocations
 14702 | Lair:4   | Killed a six-headed hydra
 14702 | Lair:4   | Reached skill level 14 in Stealth
 14901 | Lair:4   | Received a gift from Okawaru
 14902 | Lair:4   | Got a distressingly furry cloak {god gift}
 14973 | Lair:4   | Identified the +1 cloak of Efueh {Dex+5} (Okawaru gifted it to you on level 4 of the Lair of Beasts)
 15385 | Lair:5   | Reached skill level 5 in Axes
 15550 | Lair:5   | Gained mutation: You can use your snake-like lower body to constrict enemies. [Naga growth]
 15550 | Lair:5   | Reached XP level 13. HP: 94/94 MP: 18/23
 15780 | Lair:5   | Reached skill level 5 in Armour
 15831 | Lair:5   | Reached skill level 15 in Stealth
 15845 | Lair:5   | Noticed Josephine
 15863 | Lair:5   | Killed Josephine
 16676 | Lair:5   | Received a gift from Okawaru
 16729 | Lair:6   | HP: 2/94 [death yak (14)]
 17495 | Lair:3   | Got a brightly glowing chain mail
 17518 | Lair:3   | Identified the +1 chain mail "Diyvoice" {SInv} (You found it on level 3 of the Lair of Beasts)
 17984 | Lair:2   | Gained mutation: You expend magic power (3 MP) to strengthen your wands. [potion of mutation]
 17984 | Lair:2   | Gained mutation: You are clumsy. (Dex -2) [potion of mutation]
 17984 | Lair:2   | Gained mutation: You are frail (-10% HP). [potion of mutation]
 17985 | Lair:2   | Lost mutation: You expend magic power (3 MP) to strengthen your wands. [potion of cure mutation]
 17985 | Lair:2   | Lost mutation: You are clumsy. (Dex -2) [potion of cure mutation]
 17985 | Lair:2   | Lost mutation: You are frail (-10% HP). [potion of cure mutation]
 18143 | D:7      | Bought a scroll of enchant weapon for 90 gold pieces
 18222 | D:4      | Bought a dazzling hat for 261 gold pieces
 18232 | D:4      | Identified the +1 hat "Gouz" {rC+ rN++ Int-5 Stlth+} (You bought it in a shop on level 4 of the Dungeon)
 18443 | Orc:1    | Entered Level 1 of the Orcish Mines
 18443 | Orc:1    | Found a frozen archway.
 18482 | IceCv    | Entered an ice cave
 19000 | IceCv    | Received a gift from Okawaru
 19215 | IceCv    | Reached skill level 16 in Stealth
 19303 | IceCv    | Reached XP level 14. HP: 102/102 MP: 22/24
 19438 | IceCv    | Noticed a frost giant
 19474 | IceCv    | Killed a frost giant
 19886 | Orc:2    | Entered Level 2 of the Orcish Mines
 20556 | Orc:2    | Reached skill level 10 in Axes
 20844 | Orc:2    | Found Gopi's General Store.
 20880 | Orc:2    | Reached ****** piety under Okawaru
 20898 | Orc:2    | Found Giocinah's Antique Armour Shoppe.
 21090 | Orc:2    | Found a staircase to the Elven Halls.
 21254 | Orc:2    | Received a gift from Okawaru
 21255 | Orc:2    | Got a pair of transparent gloves {god gift}
 21261 | Orc:2    | Identified the +0 pair of gloves of Rumyoh {rPois rN+++ Str-5 Stlth-} (Okawaru gifted it to you on level 2 of the Orcish Mines)
 21274 | Orc:2    | Found Johoucy's Book Boutique.
 21275 | Orc:2    | Found Xoumuun's Food Shop.
 21307 | Orc:2    | Found Makare's Distillery.
 21340 | Orc:2    | Bought a potion of heal wounds for 75 gold pieces
 21952 | Lair:6   | Found a staircase to the Snake Pit.
 21969 | Lair:6   | Found a staircase to the Slime Pits.
 21995 | Lair:6   | Found a viscous altar of Jiyva.
 22011 | Lair:6   | Found a staircase to the Shoals.
 22672 | Lair:7   | Reached skill level 5 in Dodging
 22874 | Lair:7   | Learned a level 7 spell: Orb of Destruction
 22954 | Lair:7   | Reached XP level 15. HP: 108/108 MP: 13/25
 23561 | Lair:8   | Entered Level 8 of the Lair of Beasts
 23684 | Lair:8   | Received a gift from Okawaru
 24016 | Lair:8   | HP: 2/108 [boulder beetle (16)]
 24662 | Lair:8   | Received a gift from Okawaru
 25113 | Snake:1  | Entered Level 1 of the Snake Pit
 25262 | Snake:1  | Received a gift from Okawaru
 25474 | Snake:1  | Noticed Nukog's ghost (journeyman OgWn)
 26704 | Snake:1  | HP: 2/108 [naga sharpshooter/bolt (23)]
 26704 | Snake:1  | Shot with a bolt by a naga sharpshooter

Skill      XL: |  1  2  3  4  5  6  7  8  9 10 11 12 13 14 15 |
---------------+----------------------------------------------+-----
Stealth        | 4 5 6 7 8 10 11 12 14 16 | 16.3
Conjurations   | 5 6 7 8 9 10 11 13 | 13.0
Hexes          | 1 3 4 5 |  5.3
Charms         | 2 6 8 9 |  9.0
Armour         | 1 3 4 6 8 |  8.2
Spellcasting   | 6 7 9 |  9.2
Invocations    | 3 6 7 |  7.0
Axes           | 5 8 11 12 | 12.2
Dodging        | 3 5 |  5.0

Action                   |  1- 3 |  4- 6 |  7- 9 | 10-12 | 13-15 || total
-------------------------+-------+-------+-------+-------+-------++-------
Melee: Short sword       |    11 |     4 |       |       |       ||    15
       Falchion          |       |     5 |       |       |       ||     5
       Dagger            |       |     1 |    14 |    39 |    42 ||    96
       Spear             |       |     1 |       |       |       ||     1
       Trident           |       |    26 |   258 |   237 |       ||   521
       War axe           |       |       |    13 |   155 |   862 ||  1030
       Punch             |       |       |       |     3 |     8 ||    11
       Constrict         |       |       |       |       |   182 ||   182
       Battleaxe         |       |       |       |       |    17 ||    17
Throw: Throwing net      |       |       |       |     1 |       ||     1
 Cast: Magic Dart        |    31 |    49 |   172 |   247 |   338 ||   837
       Searing Ray       |     1 |     5 |    33 |    44 |     2 ||    85
       Dazzling Spray    |       |       |       |    87 |   218 ||   305
       Iskenderun's Batt |       |       |       |    18 |    57 ||    75
Invok: Heroism           |       |       |       |     7 |    31 ||    38
       Finesse           |       |       |       |       |     4 ||     4
 Abil: Spit Poison       |    33 |    47 |    64 |   132 |    87 ||   363
Evoke: Wand              |       |       |       |     9 |     2 ||    11
  Use: Potion            |       |     3 |     1 |    14 |    14 ||    32
       Scroll            |       |       |    20 |     9 |    18 ||    47
 Stab: Sleeping          |     5 |     2 |    26 |    24 |    38 ||    95
       Invisible         |       |       |       |    14 |    62 ||    76
       Confused          |       |       |       |     1 |       ||     1
       Distracted        |       |       |       |     1 |     2 ||     3
  Eat: Chunk             |     3 |     8 |    11 |    41 |    43 ||   106
       Pizza             |       |       |     2 |     2 |       ||     4
       Meat ration       |       |       |     2 |       |     2 ||     4
       Beef jerky        |       |       |       |       |     3 ||     3
Armor: Robe              |     3 |       |       |       |       ||     3
       Leather armour    |       |     8 |   193 |    23 |       ||   224
       Skin              |       |     4 |     4 |    40 |       ||    48
       Troll leather arm |       |       |       |   300 |   504 ||   804
       Ring mail         |       |       |       |       |     1 ||     1
Dodge: Dodged            |     7 |    23 |   147 |   292 |   613 ||  1082
